cohdb
Replays
Latest Replays
All Replays
Popular Replays
Top Player Replays
Match Explorer
How It Works
Community
CoH3 Stats
Reddit
Sign in to upload your games and track your stats! →
Sign in with Steam
Match 42279318
Unlisted
Match 42279318
Overview
Messages
Build Orders
End
Kradschützen Motorcycle Team
Selects Italian Infantry
Panzergrenadier Squad
250 Light Carrier
Construct Light Support Kompanie
Assault Grenadier Squad
MG34 Team
Construct Mechanized Kompanie
Selects Guastatori Squad
Guastatori Squad
Support Armor Elements
Panzerjäger Mechanized Group
StuG III D Assault Gun
Selects Defensive Operations
Selects Registered Artillery
Veteran Squad Leaders
Construct Panzerarmee Kommand
2.5-tonne Medical Truck
Panzerpioneer Squad
Armored Reserves
Selects Prepared Positions
Registered Artillery
~TAB~ THUND3RCHUNKY
Demi
MC
我是只会框A的废物
0
0
Comments
sign in to comment!
No comments posted yet!